Unix NetHack Version 5.0.0-0 post-release - last build May 30 2026 05:04:26 (55804bc15828dd6e32e9076e0726aa6fccb6e981,branch:main).

Game began 2026-05-29 03:09:24, ended 2026-05-31 03:01:10.

Eldrich, lawful male human Archeologist

                                     --------              --------
                --------             |......|              |@r....|
                |......|             |......|             #-frr...|
                |......-#######      |......|             #|......|
                |......|      ####   |......-#            #|......|
                |)......     ########|......|##           #|......|
                |......|            #----.--- #           #|......|
                |.......            #######   #           #----.---
                -.------                #    #####        ##
                 #                   ####     # #####`     ##
                 #              ------.----   ###    #      #
                 #              |..........          ####`  #
                 #              |.........|              #####
            -----.---           |.........|                 ##
            |.....>..        # #|....<....|
            |....{..|        ###-.........|
            |........#########  ------+----
            |.......|
            ---------

Eldrich the Field Worker   St:14 Dx:9 Co:13 In:14 Wi:16 Ch:10  Lawful
Dlvl:3  $:78 HP:0(27) Pw:22(22) AC:9  Xp:3 T:1353 

Latest messages:
 You find a hidden passage.
 You try to move the boulder, but in vain.
 You try to move the boulder, but in vain.
 The jackal bites!
 The jackal bites!
 It bites the jackal.
 The jackal is killed!
 You attack thin air.
 The jackal bites!
 You kill the jackal!
 You see here a jackal corpse.
 Your kitten eats a jackal corpse.
 You lash the wererat.
 The wererat bites!
 You miss the wererat.
 The wererat bites!
 You feel feverish.
 You lash the wererat.
 The wererat bites!
 The kitten misses the wererat.
 The kitten misses the wererat.
 You miss the wererat.
 The wererat summons help!
 A giant rat suddenly appears next to you!
 A sewer rat suddenly appears next to you!
 A sewer rat suddenly appears next to you!
 The wererat bites!
 The kitten bites the giant rat.
 The giant rat misses the kitten.
 You lash the wererat.
 The sewer rat bites!
 The sewer rat bites!
 The giant rat bites!
 The wererat bites!
 The kitten misses the giant rat.
 You miss the wererat.
 The sewer rat bites!
 The sewer rat bites!
 The giant rat bites!
 The wererat bites!
 The kitten bites the giant rat.
 The giant rat is killed!
 The kitten misses the wererat.
 The wererat bites!
 You die...
 Do you want your possessions identified? [ynq] (y) y
 Do you want to see your attributes? [ynq] (y) y
 Do you want an account of creatures vanquished? [ynaq] (y) y
 Do you want to see your conduct and achievements? [ynq] (y) y
 Do you want to see the dungeon overview? [ynq] (y) y

Inventory:
 Coins    ('$')
  $ - 78 gold pieces
 Weapons  (')')
  a - a +2 bullwhip (weapon in right hand)
 Armor    ('[')
  c - a blessed +0 fedora (being worn)
  b - an uncursed +0 leather jacket (being worn)
 Comestibles  ('%')
  l - an uncursed cream pie
  d - 3 uncursed food rations
 Scrolls  ('?')
  r - an uncursed scroll of amnesia
  k - an uncursed scroll of create monster
  q - an uncursed scroll of teleportation
 Spellbooks  ('+')
  s - an uncursed spellbook of remove curse
  o - an uncursed spellbook of sleep
 Potions  ('!')
  n - a cursed potion of healing
  j - an uncursed potion of invisibility
  m - an uncursed potion of oil
 Wands    ('/')
  u - a wand of create monster (0:14)
 Tools    ('(')
  h - an empty uncursed sack
  i - an uncursed oil lamp
  e - a +0 pick-axe (alternate weapon; not wielded)
  f - a tinning kit (0:80)
 Gems/Stones  ('*')
  g - an uncursed touchstone

Eldrich the Archeologist's attributes:

Background:
 You were a Field Worker, a level 3 male human Archeologist.
 You were lawful, nominally on a mission for Quetzalcoatl
 who was opposed by Camaxtli (neutral) and Huhetotl (chaotic).
 You were right-handed.
 You were in the Dungeons of Doom, on level 3.
 You entered the dungeon 1353 turns ago.
 It was nighttime.
 There was a full moon in effect when your adventure ended.
 You had 47 experience points, 33 more were needed to attain level 4.

Basics:
 You had 0 out of 27 hit points.
 You had all 22 energy points (spell power).
 Your armor class was 9.
 Your wallet contained 78 zorkmids.
 Autopickup was off.

Final Characteristics:
 Your strength was 14 (limit:18/100).
 Your dexterity was 9 (limit:18).
 Your constitution was 13 (limit:18).
 Your intelligence was 14 (limit:18).
 Your wisdom was 16 (limit:18).
 Your charisma was 10 (limit:18).

Final Status:
 You weren't hungry.
 You were unencumbered.
 You were wielding a whip.
 You had basic skill with whip.

Final Attributes:
 You were devoutly aligned.
 You were level-drain resistant.
 You had automatic searching.
 You were a wererat.
 You were harmed by silver.
 You were lucky.
 You are dead.

Miscellaneous:
 You didn't encounter any bones levels.
 Total elapsed playing time was 27 minutes and 3 seconds.

Major events:
 Turn
    1: Eldrich the lawful male human Archeologist entered the dungeon
  914: entered the Gnomish Mines
 1171: attained the rank of Field Worker (level 3)
 1353: killed by a wererat

Spells:
 Name                 Level Category     Fail Retention
 sleep                  3   enchantment  100%  76%-100%
 remove curse           3   clerical     100%  76%-100%

Skills:
 Fighting Skills
   bare handed combat [Unskilled]
   two weapon combat  [Unskilled]
   riding             [Unskilled]
 Weapon Skills
   dagger             [Unskilled]
   knife              [Unskilled]
   pick-axe           [Basic]
   short sword        [Unskilled]
   saber              [Unskilled]
   club               [Unskilled]
   quarterstaff       [Unskilled]
   sling              [Unskilled]
   dart               [Unskilled]
   boomerang          [Unskilled]
   whip               [Basic]
   unicorn horn       [Unskilled]
 Spellcasting Skills
   attack spells      [Unskilled]
   healing spells     [Unskilled]
   divination spells  [Unskilled]
   matter spells      [Unskilled]

Voluntary challenges:
 Character rerolling was not enabled.
 You were an atheist.
 You never genocided any monsters.
 You never polymorphed an object.
 You never changed form.
 You used no wishes.
Achievements:
 You entered the Gnomish Mines.
 You attained the rank of Field Worker.

 The Dungeons of Doom: levels 1 to 4
    Level 1:
       A fountain.
    Level 2:
       A fountain.
       Stairs down to The Gnomish Mines.
    Level 3: <- You were here.
       A fountain.
       Final resting place for
          you, killed by a wererat.
    Level 4:
 The Gnomish Mines:
    Level 3:


Vanquished creatures:
  a gnome mummy
  2 hobbits
  a giant rat
  a gnome zombie
  7 jackals
  2 foxes
  a kobold
  a goblin
  a grid bug
  4 lichens
  a kobold zombie
  4 newts
26 creatures vanquished.

No species were genocided or became extinct.

Game over:
                       ----------
                      /          \
                     /    REST    \
                    /      IN      \
                   /     PEACE      \
                  /                  \
                  |     Eldrich      |
                  |      78 Au       |
                  |   killed by a    |
                  |     wererat      |
                  |                  |
                  |                  |
                  |       2026       |
                 *|     *  *  *      | *
        _________)/\\_//(\/(/\)/\//\/|_)_______

Goodbye Eldrich the Archeologist...

You died in The Dungeons of Doom on dungeon level 3 with 419 points,
and 78 pieces of gold, after 1353 moves.
You were level 3 with a maximum of 27 hit points when you died.

